 Dungeon Crawl Stone Soup version 0.30.0-29-ga12c61a403 (webtiles) character file.

Game seed: 4059787094410130566

541 Dadbod the Chopper (level 7, -10/53 HPs)
             Began as a Formicid Fighter on June 20, 2023.
             Mangled by an ogre
             ... wielding a +0 giant club
              (26 damage)
             ... on level 4 of the Dungeon.
             The game lasted 00:08:36 (3440 turns).

Dadbod the Chopper (Formicid Fighter)               Turns: 3440, Time: 00:08:37

Health: -10/53     AC:  8    Str: 19 (22) XL:     7   Next: 52%
Magic:  7/7        EV:  9    Int:  5 (8)  God:
Gold:   333        SH:  5    Dex: 14      Spells: 6/6 levels left

rFire   . . .        n - +1 war axe (flame)
rCold   + . .        c - +0 buckler
rNeg    . . .        b - +0 scale mail
rPois   .            (helmet unavailable)
rElec   +            (no cloak)
rCorr   .            d - +0 pair of gloves {Dex+3}
SInv    +            (no boots)
Will    .....        (no amulet) Stlth
                     h - ring of protection from cold
HPRegen 0.28/turn    (no ring)
MPRegen 0.10/turn

%: no passive effects
@: no status effects
A: permanent stasis, dig shafts and tunnels, antennae 3, four strong arms,
clumsy 1, electricity resistance
a: Dig, Shaft Self


You were on level 4 of the Dungeon.
You visited 1 branch of the dungeon, and saw 4 of its levels.

You collected 333 gold pieces.

Inventory:

Hand Weapons
 n - a +1 war axe of flaming (weapon)
Missiles
 e - 4 poisoned darts
 o - 9 atropa-tipped darts (quivered)
Armour
 b - a +0 scale mail (worn)
 c - a +0 buckler (worn)
 d - a +0 pair of gloves of dexterity (worn)
Jewellery
 h - a ring of protection from cold (left hand)
Scrolls
 g - a scroll of amnesia
 i - a scroll of silence
 k - a scroll of identify
Potions
 f - a potion of heal wounds
 j - 4 potions of curing
 m - a potion of lignification


   Skills:
 - Level 3.8 Fighting
 + Level 7.0 Axes
 + Level 1.0 Throwing
 - Level 3.7 Armour
 - Level 0.5 Dodging
 - Level 4.4 Shields


You had 6 spell levels left.
You didn't know any spells.
Your spell library contained the following spells:

 Spells                   Type           Power      Damage    Failure   Level
 Summon Small Mammal      Summ           0%         N/A       89%         1
 Call Canine Familiar     Summ           0%         N/A       99%         3
 Summon Guardian Golem    Hex/Summ       0%         N/A       99%         3
 Volatile Blastmotes      Fire/Tloc      0%         2d10      99%         3
 Fulminant Prism          Conj/Hex       0%         3d5       100%        4
 Iskenderun's Mystic Bla  Conj/Tloc      0%         2d3       100%        4
 Lee's Rapid Deconstruct  Erth           0%         3d4*      100%        5


Dungeon Overview and Level Annotations

Branches:
Dungeon (4/15)
 Temple: D:4-7

Altars:


Innate Abilities, Weirdness & Mutations

You cannot be hasted, slowed, berserked, paralysed or teleported.
You can dig through walls and to a lower floor.
You have a pair of large antennae on your head. (SInv)
Your four strong arms can wield two-handed weapons with a shield.
You are clumsy. (Dex -2)
You are resistant to electric shocks. (rElec)


Message History

You kill the quokka!
You open the door.
Found a potion of degeneration.
A worm comes into view.
There is an open door here.
A worm is nearby!
You hit the worm. You burn the worm.
The worm is moderately wounded.
You completely miss the worm.
The worm is moderately wounded.
The worm bites you but does no damage.
You slash the worm! You burn the worm.
You kill the worm!
Your Axes skill increases to level 7!
You open the door.
There is an open door here.
Found a robe.
You see here a +0 robe.
An ogre comes into view. It is wielding a +0 giant club.
The ogre moves out of view.
The ogre hits you with a +0 giant club!!
You closely miss the ogre.
The ogre hits you with a +0 giant club!!
* * * LOW HITPOINT WARNING * * *
You aren't carrying any items that you can evoke.
Throw: 10 darts (atropa)
Press: ? - help, Q - select action, (/) - cycle Shift-Dir - straight line, f - ogre
Aim: an ogre, wielding a +0 giant club (74% to hit, chance to blind on hit: 27%)
Okay, then.
Unknown command.
As you read the scroll of fear, it crumbles to dust.
You assume a fearsome visage.
The ogre looks frightened!
Throw: 10 darts (atropa)
Press: ? - help, Q - select action, (/) - cycle Shift-Dir - straight line, f - ogre
Aim: an ogre, wielding a +0 giant club (fleeing, 74% to hit, chance to blind on hit: 27%)
You throw an atropa-tipped dart. The atropa-tipped dart hits the ogre.
The ogre resists.
Your attack snaps the ogre out of its fear.
The ogre hits you with a +0 giant club!!
You die...

#. #.###..## .# ##.#
##..#### #. #.##
##....# #.###.# ####[#
#.#.## #.# #...# #.#
##'## #.# #...# #.#####
#...# #@....#########
#.8.#
#.....O....##......#
#.⌠!#
#..........##......####
#.8.#
#..........##..........
#...#
#......#########)......
#...#
#......#########.......
##'##
+......+.......'.....>.
#...#
#......##.....##.......
##.#.# #.....#######'#


You could see an ogre.

Vanquished Creatures
  Eustachio (D:4)
  A scorpion (D:4)
  2 orc priests (D:2)
  2 orc wizards
  7 gnolls (D:3)
  An adder (D:4)
  A worm (D:4)
  3 dart slugs
  5 orcs
  5 ball pythons
  4 bats
  3 endoplasms
  A giant cockroach (D:1)
  37 goblins
  29 hobgoblins
  5 jackals
  7 kobolds
  5 quokkas
  4 frilled lizards
  5 rats
128 creatures vanquished.

Notes
Turn   | Place    | Note
-------+----------+-------------------------------------------
     0 | D:1      | Dadbod the Formicid Fighter began the quest for the Orb.
     0 | D:1      | Reached XP level 1. HP: 18/18 MP: 1/1
   191 | D:1      | Reached XP level 2. HP: 22/24 MP: 2/2
   521 | D:1      | Reached XP level 3. HP: 28/29 MP: 3/3
  1171 | D:2      | Reached skill level 3 in Axes
  1173 | D:2      | Reached XP level 4. HP: 17/37 MP: 4/4
  1178 | D:2      | Reached XP level 5. HP: 16/42 MP: 5/5
  1186 | D:2      | Reached skill level 4 in Axes
  1412 | D:2      | Found a faded altar of an unknown god.
  1931 | D:3      | Reached skill level 1 in Throwing
  2055 | D:3      | Reached XP level 6. HP: 47/48 MP: 6/6
  2091 | D:3      | Gained mutation: You are resistant to electric shocks.
                  | (rElec) [potion of mutation]
  2091 | D:3      | Gained mutation: You are clumsy. (Dex -2) [potion of
                  | mutation]
  2317 | D:3      | Reached skill level 5 in Axes
  3055 | D:4      | Noticed Eustachio
  3113 | D:4      | Killed Eustachio
  3114 | D:4      | Reached skill level 6 in Axes
  3114 | D:4      | Reached XP level 7. HP: 22/53 MP: 7/7
  3405 | D:4      | Reached skill level 7 in Axes
  3440 | D:4      | Mangled by an ogre

Illustrated notes

Levels and vault maps discovered:
D:1:      arrival_zaba_pyramid, layout_basic
D:2:      cheibrodos_pilgrimage, layout_rooms, ebering_ecumenical_altar_hall
D:3:      minmay_goblin_kobold_castle, layout_basic
D:4:      layout_basic, grunt_decor_clamped, uniq_eustachio

Skill      XL: |  1  2  3  4  5  6  7 |
---------------+----------------------+-----
Axes           | 3 4 6 7 |  7.0
Throwing       | 1 |  1.0
Fighting       | |  3.8
Armour         | |  3.7
Dodging        | |  0.5
Shields        | |  4.4

Action                     |  1- 3 |  4- 6 |  7- 9 || total
---------------------------+-------+-------+-------++-------
  Melee: War axe           |    93 |   201 |    22 ||   316
  Throw: Dart              |       |     2 |     1 ||     3
    Use: Scroll            |     2 |     6 |     2 ||    10
         Potion            |       |     9 |       ||     9
   Stab: Invisible         |       |     1 |       ||     1
 Armour: Scale mail        |    36 |   119 |    10 ||   165
  Dodge: Dodged            |    44 |   121 |    10 ||   175
  Block: Buckler           |    20 |    82 |       ||   102
